 Dungeon Crawl Stone Soup version 0.28-a0-1236-gb25a51b929 (webtiles) character file.

Game seed: 10612809348837761858

470 croobank the Gusty (level 7, -2/45 HPs)
             Began as a Gnoll Air Elementalist on Dec 25, 2021.
             Slain by an orc (7 damage)
             ... on level 4 of the Dungeon.
             The game lasted 00:27:29 (4348 turns).

croobank the Gusty (Gnoll Air Elementalist)         Turns: 4348, Time: 00:27:29

Health: -2/45      AC: 10    Str: 10    XL:     7   Next: 9%
Magic:  12/15      EV: 11    Int: 14    God:
Gold:   80         SH:  0    Dex: 12    Spells: 7/17 levels left

rFire   + . .      SeeInvis .   i - +2 club (spect)
rCold   . . .      Faith    .   (no shield)
rNeg    . . .      Spirit   .   m - +0 ring mail
rPois   .          Reflect  .   o - +2 helmet
rElec   .          Harm     .   (no cloak)
rCorr   .          Rampage  .   s - +1 pair of gloves
Will    .....                   (no boots)
Stlth   ++........              e - amulet of magic regeneration
HPRegen 0.15/turn               f - ring of protection from fire
MPRegen 0.54/turn               (no ring)

@: swift, attractive, very quick
A: fangs 1, strong nose, distributed training, talons 1, deterioration 1, frail
1
a: no special abilities


You were on level 4 of the Dungeon.
You visited 1 branch of the dungeon, and saw 4 of its levels.

You collected 132 gold pieces.
You spent 52 gold pieces at shops.

Inventory:

Hand Weapons
 d - a +0 short sword
 i - a +2 spectral club (weapon)
 n - a +0 dagger of flaming
 t - a +2 dagger of draining
 u - a +1 morningstar of protection
 w - a +0 hunting sling
Missiles
 c - 28 sling bullets
 l - 33 stones
 r - 5 poisoned darts
 x - 23 arrows
Armour
 a - a +1 robe
 h - a +0 kite shield
 m - a +0 ring mail (worn)
 o - a +2 helmet (worn)
 s - a +1 pair of gloves (worn)
 v - the +0 ring mail of the Weaver {rF+}
   (You found it on level 4 of the Dungeon)

   rF:        It protects you from fire.
Jewellery
 b - an amulet of the acrobat
 e - an amulet of magic regeneration (around neck)
 f - a ring of protection from fire (left hand)
Potions
 p - 2 potions of degeneration {unknown}
 q - a potion of flight {unknown}


   Skills:
 + Level 2.2 Fighting
 + Level 2.2 Short Blades
 + Level 2.2 Long Blades
 + Level 2.2 Axes
 + Level 2.2 Maces & Flails
 + Level 2.2 Polearms
 + Level 2.2 Staves
 + Level 2.2 Slings
 + Level 2.2 Bows
 + Level 2.2 Crossbows
 + Level 2.2 Throwing
 + Level 2.2 Armour
 + Level 5.1 Dodging
 + Level 4.8 Stealth
 + Level 2.2 Shields
 + Level 2.2 Unarmed Combat
 + Level 5.5 Spellcasting
 + Level 2.8 Conjurations
 + Level 1.8 Hexes
 + Level 1.8 Summonings
 + Level 1.8 Necromancy
 + Level 1.8 Translocations
 + Level 1.8 Transmutations
 + Level 1.8 Fire Magic
 + Level 1.8 Ice Magic
 + Level 5.7 Air Magic
 + Level 1.8 Earth Magic
 + Level 1.8 Poison Magic
 + Level 2.5 Invocations
 + Level 2.2 Evocations


You had 7 spell levels left.
You knew the following spells:

 Your Spells              Type           Power      Damage    Failure   Level
a - Shock                 Conj/Air       60%        1d6       7%          1
b - Static Discharge      Conj/Air       15%        N/A       11%         2
c - Swiftness             Air            20%        N/A       12%         3
d - Airstrike             Air            10%        N/A       36%         4

Your spell library contained the following spells:

 Spells                   Type           Power      Damage    Failure   Level


Dungeon Overview and Level Annotations

Branches:
Dungeon (4/15)
 Temple: D:4-7

Altars:
Kikubaaqudgha

Shops:
D:2 [[   D:3 *


Innate Abilities, Weirdness & Mutations

You have very sharp teeth.
Your uncanny sense of smell can sniff out nearby items.
Your experience applies equally to all skills.
You have sharp toenails.
Your body sometimes deteriorates upon taking damage.
You are frail. (-10% HP)


Message History

The orc is severely wounded.
Your +2 spectral club hits the orc.
You kill the orc!
The orc priest invokes the aid of Beogh against you.
Beogh smites you!
The orc priest hits you but does no damage.
The orc shouts!
You hit the orc priest.
The orc priest is lightly wounded.
Your +2 spectral club hits the orc priest!
The orc priest barely misses your +2 spectral club.
The orc misses your +2 spectral club.
The orc priest hits your +2 spectral club but does no damage.
You hit the orc priest but do no damage.
The orc priest is heavily wounded.
Your +2 spectral club hits the orc priest.
You hear the slow hiss of an avalanche of sand nearby.
The orc priest calls down the wrath of Beogh upon you.
Beogh smites you!
* * * LOW HITPOINT WARNING * * *
It was a potion of mutation.
You feel extremely strange.
You feel yourself wasting away.
Your toenails lengthen and sharpen.
You feel frail. The orc hits you but does no damage.
The orc priest hits you but does no damage.
It was a potion of attraction.
You feel attractive to monsters. The orc hits you with a +0 dagger.
* * * LOW HITPOINT WARNING * * *
The orc priest hits you but does no damage.
The orc hits you with a +0 trident.
* * * LOW HITPOINT WARNING * * *
Casting: Shock (safe; 7% risk of failure)
Confirm with . or Enter, or press ? or * to list all spells.
You feel quick. The orc hits you but does no damage.
The orc hits you with a +0 dagger.
* * * LOW HITPOINT WARNING * * *
The orc priest hits you but does no damage.
The orc hits you from afar with a +0 trident!
You die...

#....##....)....###
#.so.#........)....###
##oo..................
.................o
.......####...###.....
.......####...........
......##.#...........#
.........#...#......##
....o.##..@.####....#
>......##...o##.....#
.......###o#o......##
........#).##....###
........).)....###
........#.....##
.......####..##
...[..$ ##.# .......
##


You could see an orc priest and 2 orcs.

Vanquished Creatures
  Sigmund (D:2)
  An ice beast (D:3)
  A scorpion (D:4)
  Jessica (D:2)
  A hound skeleton (D:4)
  4 adders
  A worm (D:4)
  2 dart slugs
  14 orcs
  6 endoplasms
  4 giant cockroaches
  8 goblins
  6 hobgoblins
  3 jackals (D:2)
  3 kobolds
  3 quokkas
  8 ball pythons
  5 bats
  3 frilled lizards
  6 rats
81 creatures vanquished.

Vanquished Creatures (collateral kills)
  A frilled lizard (D:3)
1 creature vanquished.

Grand Total: 82 creatures vanquished

Notes
Turn   | Place    | Note
-------+----------+-------------------------------------------
     0 | D:1      | croobank the Gnoll Air Elementalist began the quest for the
                  | Orb.
     0 | D:1      | Reached XP level 1. HP: 13/13 MP: 6/6
   345 | D:1      | Reached XP level 2. HP: 19/19 MP: 4/7
   797 | D:1      | Reached XP level 3. HP: 25/25 MP: 3/9
   924 | D:1      | Reached skill level 5 in Spellcasting
  1384 | D:2      | Noticed Jessica
  1392 | D:2      | Killed Jessica
  1393 | D:2      | Reached skill level 1 in Fighting
  1393 | D:2      | Reached skill level 1 in Short Blades
  1393 | D:2      | Reached skill level 1 in Long Blades
  1393 | D:2      | Reached skill level 1 in Axes
  1393 | D:2      | Reached skill level 1 in Maces & Flails
  1393 | D:2      | Reached skill level 1 in Polearms
  1393 | D:2      | Reached skill level 1 in Staves
  1393 | D:2      | Reached skill level 1 in Slings
  1393 | D:2      | Reached skill level 1 in Bows
  1393 | D:2      | Reached skill level 1 in Crossbows
  1393 | D:2      | Reached skill level 1 in Throwing
  1393 | D:2      | Reached skill level 1 in Armour
  1393 | D:2      | Reached skill level 1 in Shields
  1393 | D:2      | Reached skill level 1 in Unarmed Combat
  1393 | D:2      | Reached skill level 1 in Invocations
  1393 | D:2      | Reached skill level 1 in Evocations
  1393 | D:2      | Reached XP level 4. HP: 19/32 MP: 4/11
  1521 | D:2      | Noticed Sigmund
  1865 | D:2      | Learned a level 2 spell: Static Discharge
  1869 | D:2      | Learned a level 3 spell: Swiftness
  1874 | D:2      | Learned a level 4 spell: Airstrike
  1897 | D:2      | Found Sebong's Armour Shop.
  2183 | D:2      | Found a faded altar of an unknown god.
  2389 | D:2      | Found Jaimaex's Antique Armour Emporium.
  2609 | D:2      | Reached skill level 1 in Hexes
  2609 | D:2      | Reached skill level 1 in Summonings
  2609 | D:2      | Reached skill level 1 in Necromancy
  2609 | D:2      | Reached skill level 1 in Translocations
  2609 | D:2      | Reached skill level 1 in Transmutations
  2609 | D:2      | Reached skill level 1 in Fire Magic
  2609 | D:2      | Reached skill level 1 in Ice Magic
  2609 | D:2      | Reached skill level 1 in Earth Magic
  2609 | D:2      | Reached skill level 1 in Poison Magic
  3391 | D:3      | Reached XP level 5. HP: 37/37 MP: 9/12
  3465 | D:3      | Found Yhacs's Assorted Antiques.
  3472 | D:3      | Noticed an ice beast
  3537 | D:2      | Killed Sigmund
  3538 | D:2      | Reached XP level 6. HP: 36/44 MP: 14/14
  3594 | D:3      | Bought a scroll labelled ULEHUBL JOENOAR for 26 gold pieces
  3595 | D:3      | Bought a scroll labelled BAIJECZYET for 26 gold pieces
  3619 | D:3      | Found an ancient bone altar of Kikubaaqudgha.
  4084 | D:3      | Killed an ice beast
  4085 | D:3      | Reached skill level 5 in Dodging
  4256 | D:4      | Identified the +0 ring mail of the Weaver {rF+}
  4317 | D:4      | Reached XP level 7. HP: 38/50 MP: 15/15
  4344 | D:4      | Gained mutation: Your body sometimes deteriorates upon
                  | taking damage. [potion of mutation]
  4344 | D:4      | Gained mutation: You have sharp toenails. [potion of
                  | mutation]
  4344 | D:4      | Gained mutation: You are frail. (-10% HP) [potion of
                  | mutation]
  4348 | D:4      | Slain by an orc

Illustrated notes

Levels and vault maps discovered:
D:1:      dpeg_arrival_arbitrary_c, layout_loops_ring
D:2:      layout_basic, serial_shops, shop, shop, ebering_ecumenical_altar_webs,
          minmay_misc_feat_columns, uniq_sigmund, uniq_jessica
D:3:      layout_rooms, mainiacjoe_overflow_tiny_flanked, serial_shops,
          nicolae_shop_trees
D:4:      layout_cave_pools, chequers_ossuary_entry_cave

Skill      XL: |  1  2  3  4  5  6 |
---------------+-------------------+-----
Conjurations   | 2 |  2.8
Spellcasting   | 5 |  5.5
Fighting       | 1 2 |  2.2
Short Blades   | 1 2 |  2.2
Long Blades    | 1 2 |  2.2
Axes           | 1 2 |  2.2
Maces & Flails | 1 2 |  2.2
Polearms       | 1 2 |  2.2
Staves         | 1 2 |  2.2
Slings         | 1 2 |  2.2
Bows           | 1 2 |  2.2
Crossbows      | 1 2 |  2.2
Throwing       | 1 2 |  2.2
Armour         | 1 2 |  2.2
Shields        | 1 2 |  2.2
Unarmed Combat | 1 2 |  2.2
Invocations    | 1 2 |  2.5
Evocations     | 1 2 |  2.2
Hexes          | 1 |  1.8
Summonings     | 1 |  1.8
Necromancy     | 1 |  1.8
Translocations | 1 |  1.8
Transmutations | 1 |  1.8
Fire Magic     | 1 |  1.8
Ice Magic      | 1 |  1.8
Earth Magic    | 1 |  1.8
Poison Magic   | 1 |  1.8
Dodging        | 5 |  5.1
Stealth        | |  4.8
Air Magic      | |  5.7

Action                   |  1- 3 |  4- 6 |  7- 9 || total
-------------------------+-------+-------+-------++-------
Melee: Short sword       |    22 |       |       ||    22
       Bite              |     3 |     5 |       ||     8
       Club              |       |    66 |     6 ||    72
       Punch             |       |     1 |       ||     1
 Cast: Shock             |    57 |    60 |       ||   117
       Swiftness         |       |     5 |     1 ||     6
       Static Discharge  |       |     5 |       ||     5
  Use: Scroll            |       |    11 |       ||    11
       Potion            |       |     3 |     2 ||     5
 Stab: Sleeping          |       |     1 |       ||     1
       Invisible         |       |     1 |       ||     1
Armor: Robe              |     2 |     5 |       ||     7
       Ring mail         |       |    28 |     8 ||    36
Dodge: Dodged            |    20 |    56 |     2 ||    78

Table legend: (Time is in decaauts)
 A = Elapsed time spent in this place.
 B = Non-inter-level travel time spent in this place.
 C = Inter-level travel time spent in this place.
 D = Time resting spent in this place.
 E = Time spent auto-exploring this place.
 F = Levels seen in this place.
 G = Mean time per level.
                   A        B        C        D        E       F      G
               +--------+--------+--------+--------+--------+-----+--------+
         Total |   4359 |   4146 |    213 |   1466 |   1574 |   4 | 1089.8 |
       Dungeon |   4359 |   4146 |    213 |   1466 |   1574 |   4 | 1089.8 |
               +--------+--------+--------+--------+--------+-----+--------+

Top non-repeatable levels by time:
     D:1: 2117 daAuts
     D:2: 1469 daAuts
     D:3: 666 daAuts
     D:4: 106 daAuts
